 Dungeon Crawl Stone Soup version 0.29.1-15-g9cfb28693d (webtiles) character file.

Game seed: 15520942109500042473

31 protoss039 the Digger (level 3, -3/26 HPs)
             Began as a Demonspawn Earth Elementalist on Mar 19, 2023.
             Slain by a hobgoblin
             ... wielding a +0 trident
              (15 damage)
             ... on level 2 of the Dungeon.
             The game lasted 00:01:35 (1293 turns).

protoss039 the Digger (DsEE)                        Turns: 1293, Time: 00:01:35

Health: -3/26      AC:  4    Str:  8    XL:     3   Next: 7%
Magic:  0/6        EV: 11    Int: 18    God:
Gold:   64         SH:  0    Dex: 13    Spells: 5/6 levels left

rFire   . . .      SeeInvis .   f - +0 dagger
rCold   . . .      Faith    .   (no shield)
rNeg    . . .      Spirit   .   g - +0 leather armour
rPois   .          Reflect  .   e - +0 helmet
rElec   .          Harm     .   (no cloak)
rCorr   .          Rampage  .   (no gloves)
Will    .....                   (no boots)
Stlth   ++........              (no amulet)
HPRegen 0.08/turn               (no ring)
MPRegen 0.10/turn               (no ring)

@: no status effects
A: demonic magic 1, demonic touch 1
a: no special abilities


You were on level 2 of the Dungeon.
You visited 1 branch of the dungeon, and saw 2 of its levels.

You collected 64 gold pieces.

Inventory:

Hand Weapons
 f - a +0 dagger (weapon)
Armour
 e - a +0 helmet (worn)
 g - a +0 leather armour (worn)
Scrolls
 a - a scroll of vulnerability {unknown}
 c - 2 scrolls of identify {unknown}
 i - a scroll of silence {unknown}
 j - a scroll of poison {unknown}
Potions
 b - a potion of magic
 d - 2 potions of mutation {unknown}
 h - a potion of ambrosia {unknown}


   Skills:
 + Level 1.2 Fighting
 * Level 0.6 Armour
 - Level 1.7 Dodging
 - Level 1.7 Stealth
 + Level 2.4 Spellcasting
 - Level 0.8 Transmutations
 + Level 3.1 Earth Magic


You had 5 spell levels left.
You knew the following spells:

 Your Spells              Type           Power      Damage    Failure   Level
a - Sandblast             Erth           26%        2d8       7%          1

Your spell library contained the following spells:

 Spells                   Type           Power      Damage    Failure   Level
 Passwall                 Tmut/Erth      7%         N/A       16%         2
 Stone Arrow              Conj/Erth      14%        3d7       36%         3
 Petrify                  Tmut/Erth      9%         N/A       71%         4


Dungeon Overview and Level Annotations

Branches:
Dungeon (2/15) Zot: 10688

Altars:


Innate Abilities, Weirdness & Mutations

Spells you cast may paralyse adjacent enemies.
Your touch may inflict minor irresistible damage on your foes.


Message History

Aim: a hobgoblin (82% to hit)
The blast of sand hits the hobgoblin.
The hobgoblin is heavily wounded.
Malevolent energies surge around you.
The hobgoblin drinks a potion.
The hobgoblin seems to grow stronger.
The hobgoblin hits you but does no damage.
The hobgoblin hits you from afar with a +0 trident!
The hobgoblin hits you but does no damage.
Casting: Sandblast (safe; 7% risk of failure)
Confirm with . or Enter, or press ? or * to list all spells.
Aiming: Sandblast (safe; 7% risk of failure)
Press: ? - help, Shift-Dir - straight line, f/p - hobgoblin
Aim: a hobgoblin (heavily wounded, 82% to hit)
The blast of sand hits the hobgoblin!
You kill the hobgoblin!
Malevolent energies surge around you. The hobgoblin closely misses you.
Unknown command.
Casting: Sandblast (safe; 7% risk of failure)
Confirm with . or Enter, or press ? or * to list all spells.
Aiming: Sandblast (safe; 7% risk of failure)
Press: ? - help, Shift-Dir - straight line, f - hobgoblin
Aim: a hobgoblin, wielding a +0 trident, wearing a +0 leather armour and quivering stones (strong, 82% to hit)
The blast of sand misses the hobgoblin.
Malevolent energies surge around you.
The hobgoblin hits you from afar with a +0 trident!
The hobgoblin barely misses you.
Casting: Sandblast (safe; 7% risk of failure)
Confirm with . or Enter, or press ? or * to list all spells.
You don't have enough magic to cast this spell.
Unknown command.
Unknown command.
Casting: Sandblast (safe; 7% risk of failure)
Confirm with . or Enter, or press ? or * to list all spells.
Aiming: Sandblast (safe; 7% risk of failure)
Press: ? - help, Shift-Dir - straight line, f/p - hobgoblin
Aim: a hobgoblin, wielding a +0 trident, wearing a +0 leather armour and quivering stones (strong, 82% to hit)
The blast of sand hits the hobgoblin but does no damage.
Malevolent energies surge around you.
The hobgoblin hits you from afar with a +0 trident!
Ouch! That really hurt!
You die...

.....................
.
#.....##.#######....
.#. .....##.# ##...
#..# ###..##.# #...
....###......# #...
#...#...#.#.# ##.#
#..!..##.#.# #.#
##.⌠|###...# .#
#....@##g###
#...#...#.#
....###..g.# # ...#
##..## ### #. ...##
###[. #..### ###....
...# ###...... #.##
#+#......## #
#......###.


You could see a hobgoblin (strong).

Vanquished Creatures
  3 bats
  5 endoplasms
  A giant cockroach (D:1)
  3 goblins (D:1)
  A hobgoblin (D:2)
  3 kobolds
  3 quokkas
  4 ball pythons
  2 frilled lizards (D:1)
  3 rats (D:1)
28 creatures vanquished.

Notes
Turn   | Place    | Note
-------+----------+-------------------------------------------
     0 | D:1      | protoss039 the Demonspawn Earth Elementalist began the
                  | quest for the Orb.
     0 | D:1      | Reached XP level 1. HP: 13/13 MP: 3/3
    62 | D:1      | Found a faded altar of an unknown god.
   326 | D:1      | Gained mutation: Spells you cast may paralyse adjacent
                  | enemies. [demonic ancestry]
   326 | D:1      | Reached XP level 2. HP: 20/20 MP: 1/5
   546 | D:1      | Reached skill level 1 in Fighting
   578 | D:1      | Reached skill level 3 in Earth Magic
   826 | D:1      | You fall into a shaft and drop 1 floor!
  1263 | D:2      | Gained mutation: Your touch may inflict minor irresistible
                  | damage on your foes. [demonic ancestry]
  1263 | D:2      | Reached XP level 3. HP: 26/26 MP: 3/6
  1293 | D:2      | Slain by a hobgoblin

Illustrated notes

Levels and vault maps discovered:
D:1:      minmay_arrival_stone_box, layout_rooms,
          shapermc_ecumenical_altar_pompeii
D:2:      minmay_razor_zed, layout_loops_corners, basic_altar, minmay_circle_x

Skill      XL: |  1  2 |
---------------+-------+-----
Fighting       | 1 |  1.2
Earth Magic    | 3 |  3.1
Armour         | |  0.6
Dodging        | |  1.7
Stealth        | |  1.7
Spellcasting   | |  2.4
Transmutations | |  0.8

Action                   || total
-------------------------++-------
Melee: Club              ||     2
       Dagger            ||     4
 Cast: Sandblast         ||    36
 Stab: Paralysed         ||     2
Armor: Robe              ||     4
       Leather armour    ||     4
Dodge: Dodged            ||    16
